 Dungeon Crawl Stone Soup version 0.31-a0-844-gdc52ec4e09 (webtiles) character file.

Game seed: 18295627689033059036

29020 Ijustatesigmund the Thaumaturge (level 13, 0/72 HPs)
             Began as a Deep Elf Fire Elementalist on Sept 28, 2023.
             Slain by an ettin
             ... wielding a +0 dire flail
              (26 damage)
             ... on level 1 of the Orcish Mines.
             The game lasted 00:48:13 (19574 turns).

Ijustatesigmund the Thaumaturge (DEFE)             Turns: 19574, Time: 00:48:14

Health: 0/72       AC: 14    Str:  4    XL:     13   Next: 12%
Magic:  24/31      EV:  6    Int: 25    God:
Gold:   1815       SH:  0    Dex: 21    Spells: 21/36 levels left

rFire   + + .        K - +7 longbow (elec)
rCold   . . .        (shield currently unavailable)
rNeg    . . .        U - +2 fire dragon scales
rPois   .            (no helmet)
rElec   .            (no cloak)
rCorr   .            (no gloves)
SInv    .            F - +1 pair of boots
Will    +....        y - amulet of regeneration
Stlth   ++           H - ring of protection from cold
HPRegen 1.12/turn    t - ring of wizardry
MPRegen 0.22/turn

%: wizardry (x1)
@: no status effects
A: thin skeletal structure 1, agile 1, subdued magic 1
a: no special abilities


You were on level 1 of the Orcish Mines.
You visited 4 branches of the dungeon, and saw 17 of its levels.
You also visited: Sewer and Ossuary.

You collected 2145 gold pieces.
You spent 330 gold pieces at shops.

Inventory:

Hand Weapons
 e - a +3 sling of draining
 g - a +0 rapier
 w - a +4 dagger of venom
 K - a +7 longbow of electrocution (weapon)
Missiles
 L - a throwing net
Armour
 a - +0 steam dragon scales
 d - a +3 buckler of fire resistance
 F - a +1 pair of boots (worn)
 T - a +2 kite shield of protection
 U - +2 fire dragon scales (worn)
Jewellery
 f - a ring of see invisible
 i - a ring of ice
 j - a ring of fire
 t - a ring of wizardry (right hand)
 y - an amulet of regeneration (around neck)
 H - a ring of protection from cold (left hand)
 N - an amulet of the acrobat
Wands
 l - a wand of digging (11)
 q - a wand of charming (9)
 C - a wand of flame (38)
 V - a wand of polymorph (4)
Scrolls
 c - 3 scrolls of enchant weapon
 h - 2 scrolls of enchant armour
 k - 6 scrolls of blinking
 m - 8 scrolls of teleportation
 n - 2 scrolls of fog
 r - a scroll of brand weapon
 A - 2 scrolls of amnesia
 M - a scroll of revelation
 O - 2 scrolls of poison
 P - a scroll of immolation
 R - a scroll of torment
Potions
 b - 2 potions of magic
 o - a potion of mutation
 p - 3 potions of lignification
 s - 2 potions of cancellation
 u - 8 potions of ambrosia
 v - 2 potions of attraction
 x - 6 potions of curing
 z - a potion of haste
 D - 3 potions of enlightenment
 E - 4 potions of brilliance
 G - a potion of might
 J - a potion of invisibility
 Q - 6 potions of resistance
Miscellaneous
 I - a condenser vane (inert)


   Skills:
 - Level 5.0 Fighting
 - Level 10.0 Ranged Weapons
 + Level 4.9 Armour
 - Level 8.0 Dodging
 - Level 2.4 Stealth
 - Level 2.9 Shields
 - Level 12.3 Spellcasting
 - Level 10.2 Conjurations
 - Level 5.6 Translocations
 - Level 10.7 Fire Magic
 - Level 6.2 Poison Magic
 - Level 3.2 Evocations


You had 21 spell levels left.
You knew the following spells:

 Your Spells              Type           Power      Damage    Failure   Level
a - Foxfire               Conj/Fire      100%       2x1d9     1%          1
b - Scorch                Fire           100%       2d9       1%          2
c - Flame Wave            Conj/Fire      51%        2d13      10%         4
d - Olgreb's Toxic Radia  Pois           35%        N/A       50%         4
e - Iskenderun's Mystic   Conj/Tloc      42%        2d10      28%         4

Your spell library contained the following spells:

 Spells                   Type           Power      Damage    Failure   Level
 Volatile Blastmotes      Fire/Tloc      86%        2d17      8%          3
 Lesser Beckoning         Tloc           66%        N/A       11%         2
 Gell's Gravitas          Tloc           33%        N/A       21%         3
 Teleport Other           Tloc           33%        N/A       21%         3
 Inner Flame              Hex/Fire       32%        N/A       24%         3
 Ensorcelled Hibernation  Hex/Ice        22%        N/A       71%         2
 Passwall                 Tmut/Erth      9%         N/A       71%         2
 Ozocubu's Armour         Ice            11%        N/A       89%         3
 Swiftness                Air            11%        N/A       89%         3
 Tukima's Dance           Hex            11%        N/A       89%         3
 Dimensional Bullseye     Hex/Tloc       11%        N/A       90%         4
 Anguish                  Hex/Necr       5%         N/A       99%         4
 Cause Fear               Hex            5%         N/A       99%         4
 Dispersal                Tloc           16%        N/A       100%        6
 Simulacrum               Ice/Necr       5%         N/A       100%        6
 Enfeeble                 Hex            5%         N/A       100%        7
 Ozocubu's Refrigeration  Ice            5%         4d8       100%        7
 Polar Vortex             Ice            5%         N/A       100%        9


Dungeon Overview and Level Annotations

Branches:
Dungeon (13/15)            Temple (1/1) D:6            Lair (2/5) D:9
    Orc (1/2) D:10         Vaults (0/5) D:13          Sewer (visited)
Ossuary (visited)
  Swamp: Lair:2-3    Shoals: Lair:2-3     Snake: Lair:2-3    Spider: Lair:2-3

Altars:
Ashenzari
Cheibriados
Dithmenos
Elyvilon
Fedhas
Gozag
Hepliaklqana
Kikubaaqudgha
Makhleb
Nemelex Xobeh
Okawaru
Qazlal
Ru
Sif Muna
Trog
Uskayaw
Vehumet
Wu Jian
Xom
Yredelemnul
Zin
The Shining One
Lugonu

Shops:
D:3 *   D:13 =*

Annotations:
D:12 2 transporters, magaron's ghost, journeyman DsGl


Innate Abilities, Weirdness & Mutations

You have a somewhat thin skeletal structure. (Dex +2, Stealth+)
You are agile. (Dex +4, Str/Int -1)
Your spells are a little easier to cast, but a little less powerful.


Message History

The orc warrior is severely wounded.
You finish channelling waves of flame.
You hear two shouts!
The orc warrior hits you but does no damage.
You shoot an arrow. The arrow hits the orc warrior!!
Lightning courses through the orc warrior!!
You kill the orc warrior!
You start resting.
An ettin comes into view. It is wielding two +0 dire flails.
An ettin is nearby!
You shoot an arrow.
The arrow hits the ettin but does no damage.
Aiming: Quicksilver Bolt
Press: ? - help, Shift-Dir - straight line, f/p - ettin
Aim: an ettin, wielding two +0 dire flails (94% to hit)
The bolt of dispelling energy hits the ettin!!
The ettin is moderately wounded.
The now-empty wand crumbles to dust.
You shoot an arrow.
The arrow hits the ettin but does no damage.
The ettin is moderately wounded.
You shoot an arrow. The arrow hits the ettin!
The ettin is heavily wounded.
The ettin hits you but does no damage.
The ettin hits you with a +0 dire flail!
Casting: Flame Wave (dangerous; 10% risk of failure)
Confirm with . or Enter, or press ? or * to list all spells.
Casting: Flame Wave (dangerous; 10% risk of failure)
Press: ? - help, Dir - look around, f - activate A wave of flame ripples out!
The flame wave engulfs the ettin but does no damage.
The ettin is heavily wounded. (Press . to intensify the flame waves.)
The ettin hits you with a +0 dire flail!!!
Ouch! That really hurt!
The ettin completely misses you.
A wave of flame ripples out!
The flame wave engulfs the ettin!
The ettin is heavily wounded.
The ettin hits you with a +0 dire flail!!
You die...

### ... ##.### ## .$.
##..#.## ##.# ..>
##......# #...#
##.##......### ...###
###........#.#####.....##
.#........)...##@)).)....
.##....)........C......).
.).....).................
......^###..........#.#).
.......# #>........## # .
..#....###.........#
.###.....#....#.....#
..#...........#.......
#.#.#.......#####.....


You could see an ettin.

Vanquished Creatures
  A boulder beetle (Lair:1)
  A centaur warrior (D:13)
  2 two-headed ogres
  A tengu warrior (D:13)
  Amaemon (D:8)
  A deep elf pyromancer (D:12)
  A manticore (D:12)
  An ugly thing (D:12)
  2 gargoyles
  An orange demon (D:8)
  A freezing wraith (D:9)
  2 unseen horrors
  A rime drake (Lair:1)
  4 kobold demonologists (D:10)
  A tengu conjurer (D:13)
  4 komodo dragons
  A queen bee (D:12)
  4 trolls
  3 meliai (D:12)
  A polar bear (Lair:1)
  Prince Ribbit (D:6)
  4 hornets
  4 slime creatures (D:12)
  Sigmund (D:2)
  A shadow (D:11)
  3 wyverns
  34 yaks
  6 wraiths
  3 basilisks
  A basilisk (shapeshifter) (D:8)
  2 humans (D:8)
  2 steam dragons
  A vampire mosquito (D:11)
  An acid dragon (D:10)
  4 water moccasins (D:9)
  7 orc warriors
  2 ice beasts
  A sky beast (D:7)
  3 black bears (D:9)
  An ogre (Orc:1)
  10 wolves
  11 centaurs
  2 phantoms
  6 kobold brigands
  Blork the orc (D:6)
  7 bullfrogs
  2 scorpions
  15 wights
  27 killer bees
  A troll skeleton (D:9)
  3 electric eels (D:10)
  5 spriggan skeletons (D:9)
  2 howler monkeys (D:12)
  A gnoll bouda (D:7)
  4 hounds
  5 jellies
  13 orc priests
  5 iguanas
  Natasha (thrice) (D:2)
  13 orc wizards
  2 sleepcaps
  8 mummies (Ossuary)
  3 gnolls (D:7)
  15 adders
  A white imp (D:7)
  2 worms (D:2)
  5 dart slugs
  64 orcs
  9 endoplasms
  12 giant cockroaches
  5 goblins
  9 hobgoblins
  4 quokkas
  13 ball pythons
  5 bats
  4 frilled lizards
  A hobgoblin zombie (Ossuary)
  31 kobolds
  3 kobold zombies (Ossuary)
  4 orc zombies (Ossuary)
  8 rats
460 creatures vanquished.

Vanquished Creatures (collateral kills)
  A foxfire (D:4)
1 creature vanquished.

Vanquished Creatures (others)
  A boulder beetle (D:12)
  A hound (D:5)
  411 foxfires
413 creatures vanquished.

Grand Total: 874 creatures vanquished

Notes
Turn   | Place    | Note
-------+----------+-------------------------------------------
     0 | D:1      | Ijustatesigmund the Deep Elf Fire Elementalist began the
                  | quest for the Orb.
     0 | D:1      | Reached XP level 1. HP: 10/10 MP: 6/6
   300 | D:1      | Reached XP level 2. HP: 16/16 MP: 2/8
   351 | D:1      | Learned a level 2 spell: Scorch
   861 | D:1      | Found a faded altar of an unknown god.
   965 | D:1      | Reached XP level 3. HP: 20/20 MP: 8/10
  1118 | D:2      | Reached skill level 1 in Fighting
  1213 | D:2      | Noticed Sigmund
  1224 | D:2      | Killed Sigmund
  1225 | D:2      | Reached skill level 4 in Spellcasting
  1225 | D:2      | Reached XP level 4. HP: 15/26 MP: 0/12
  1225 | D:2      | Reached XP level 5. HP: 17/30 MP: 0/13
  2016 | D:2      | Noticed Natasha
  2034 | D:2      | Killed Natasha
  2479 | D:2      | Noticed Natasha
  2484 | D:2      | Killed Natasha
  2485 | D:2      | Reached skill level 5 in Spellcasting
  2485 | D:2      | Reached XP level 6. HP: 35/35 MP: 9/15
  2746 | D:2      | Noticed Natasha
  2752 | D:2      | Killed Natasha
  2807 | D:3      | Found a glowing drain.
  2829 | Sewer    | Entered a sewer
  2831 | Sewer    | Identified a scroll of acquirement
  2831 | Sewer    | Acquired a +2 buckler of fire resistance
  2841 | Sewer    | Learned a level 4 spell: Flame Wave
  3341 | Sewer    | Reached skill level 1 in Shields
  3341 | Sewer    | Reached skill level 5 in Fire Magic
  4147 | D:3      | Found Honegeon's Assorted Antiques.
  4155 | D:3      | Bought a white potion for 21 gold pieces
  4155 | D:3      | Bought a red potion for 21 gold pieces
  4537 | D:4      | Reached XP level 7. HP: 40/40 MP: 7/17
  4919 | D:4      | Found a shimmering altar of Xom.
  5085 | D:4      | Reached skill level 1 in Evocations
  5462 | D:5      | Entered Level 5 of the Dungeon
  5462 | D:5      | Noticed a wyvern
  5468 | D:5      | Killed a wyvern
  5469 | D:5      | Reached skill level 6 in Spellcasting
  5690 | D:5      | Reached XP level 8. HP: 45/45 MP: 10/19
  5698 | D:5      | Found a bloodstained altar of Trog.
  5731 | D:5      | Got a vibrant book
  5735 | D:5      | Found a sand-covered staircase.
  5742 | Ossuary  | Entered an ossuary
  6077 | Ossuary  | Reached skill level 5 in Conjurations
  6702 | D:5      | Found a sparkling altar of Nemelex Xobeh.
  7072 | D:5      | Reached skill level 7 in Spellcasting
  7378 | D:6      | Acquired a +5 longbow of electrocution
  7793 | D:6      | Found a staircase to the Ecumenical Temple.
  7804 | D:6      | Noticed Prince Ribbit
  7810 | D:6      | Reached skill level 5 in Ranged Weapons
  7810 | D:6      | Killed Prince Ribbit
  7994 | D:6      | Reached XP level 9. HP: 49/49 MP: 21/21
  8124 | D:6      | Noticed Blork the orc
  8127 | D:6      | Killed Blork the orc
  8747 | D:6      | Found a hide-covered altar of Uskayaw.
  8843 | Temple   | Entered the Ecumenical Temple
  9087 | D:7      | Found a broken altar of Ashenzari.
  9092 | D:7      | Found an ornate altar of the Wu Jian Council.
  9094 | D:7      | Found a burning altar of Makhleb.
  9368 | D:7      | Found a sacrificial altar of Ru.
  9421 | D:7      | Reached skill level 5 in Dodging
  9515 | D:7      | Reached skill level 10 in Ranged Weapons
  9523 | D:7      | Learned a level 4 spell: Olgreb's Toxic Radiance
 10057 | D:8      | Reached skill level 1 in Poison Magic
 10182 | D:8      | Reached XP level 10. HP: 48/54 MP: 10/23
 10574 | D:8      | Found a stormy altar of Qazlal.
 10631 | D:8      | Found an iron altar of Okawaru.
 10765 | D:8      | Found a glowing golden altar of the Shining One.
 10875 | D:8      | Noticed Amaemon
 10875 | D:8      | Noticed an orange demon
 10883 | D:8      | Killed Amaemon
 10884 | D:8      | Reached skill level 8 in Spellcasting
 10886 | D:8      | Killed an orange demon
 11239 | D:9      | Reached skill level 9 in Spellcasting
 11559 | D:9      | Found a glowing silver altar of Zin.
 11613 | D:9      | Reached XP level 11. HP: 62/62 MP: 26/26
 11701 | D:9      | Found a staircase to the Lair.
 12204 | D:9      | Reached skill level 5 in Poison Magic
 12593 | D:10     | Entered Level 10 of the Dungeon
 12811 | D:10     | Reached skill level 5 in Fighting
 13011 | D:10     | Noticed a two-headed ogre
 13020 | D:10     | Killed a two-headed ogre
 13021 | D:10     | Reached skill level 10 in Spellcasting
 13192 | D:10     | Gained mutation: Your magical capacity is low. (-10% MP) [a
                  | neqoxec]
 13197 | D:10     | Lost mutation: Your magical capacity is low. (-10% MP)
                  | [potion of mutation]
 13197 | D:10     | Gained mutation: You have a somewhat thin skeletal
                  | structure. (Dex +2, Stealth+) [potion of mutation]
 13197 | D:10     | Gained mutation: You are agile. (Dex +4, Str/Int -1)
                  | [potion of mutation]
 13197 | D:10     | Gained mutation: Your spells are a little easier to cast,
                  | but a little less powerful. [potion of mutation]
 13316 | D:10     | Learned a level 4 spell: Iskenderun's Mystic Blast
 13438 | D:10     | Found a staircase to the Orcish Mines.
 13508 | D:10     | Reached skill level 1 in Translocations
 13567 | D:10     | Found a shimmering blue altar of Sif Muna.
 13646 | D:10     | Found a hazy altar of Hepliaklqana.
 13656 | D:10     | Acquired 701 gold pieces
 14187 | D:11     | Noticed a two-headed ogre
 14193 | D:11     | Killed a two-headed ogre
 14247 | D:11     | Reached XP level 12. HP: 56/68 MP: 17/28
 14248 | D:11     | Reached skill level 11 in Spellcasting
 14981 | D:12     | Noticed a two-headed ogre
 14983 | D:12     | Noticed magaron's ghost (journeyman DsGl)
 14984 | D:12     | Found a transporter.
 14984 | D:12     | Noticed a two-headed ogre
 14984 | D:12     | Noticed a two-headed ogre
 14984 | D:12     | Noticed a two-headed ogre
 14984 | D:12     | Noticed a two-headed ogre
 14985 | D:12     | Identified the +9 giant spiked club of the Witching Gods
                  | {drain, Int+4}
 14985 | D:12     | Noticed a two-headed ogre
 14985 | D:12     | Noticed a two-headed ogre
 14986 | D:12     | Noticed a two-headed ogre
 14988 | D:12     | Found a transporter.
 14998 | D:12     | Noticed a boulder beetle
 15259 | D:12     | Reached skill level 10 in Fire Magic
 16213 | D:13     | Found Udiomysa's Jewellery Shoppe.
 16223 | D:13     | Noticed a tengu warrior
 16230 | D:13     | Killed a tengu warrior
 16231 | D:13     | Reached skill level 12 in Spellcasting
 16231 | D:13     | Reached skill level 5 in Translocations
 16301 | D:13     | Noticed a centaur warrior
 17089 | D:13     | Killed a centaur warrior
 17090 | D:13     | Reached skill level 10 in Conjurations
 17417 | D:13     | Found Veiffis's CLEARANCE SALE!.
 17424 | D:13     | Bought +2 fire dragon scales for 288 gold pieces
 17426 | D:13     | Found a gate to the Vaults.
 17634 | Lair:1   | Entered Level 1 of the Lair of Beasts
 17639 | Lair:1   | Reached skill level 1 in Armour
 17690 | Lair:1   | Noticed a boulder beetle
 17713 | Lair:1   | HP: 3/68 [boulder beetle (17)]
 18164 | Lair:1   | Reached XP level 13. HP: 69/72 MP: 24/31
 19267 | Orc:1    | Entered Level 1 of the Orcish Mines
 19568 | Orc:1    | Noticed an ettin
 19574 | Orc:1    | Slain by an ettin

Illustrated notes

Levels and vault maps discovered:
D:1:      mrwooster_arrival_statue_2, layout_basic,
          shapermc_ecumenical_altar_mp_urbaneastern, grunt_decor_junction,
          chequers_serial_rivers_room_a
D:2:      layout_rooms, serial_co_window_serial, co_window_of_opportunity_a,
          co_window_corner_a, co_window_paths_a, co_window_cross_1,
          co_window_of_opportunity_a, co_window_2corner, co_window_corner_ca,
          co_window_corner_ca, co_window_of_opportunity_c, glass_columns_b,
          glass_columns_c, glass_columns_b, uniq_sigmund, uniq_natasha
D:3:      layout_basic, portal_sewer_entry_a, serial_shops, shop_statue,
          grunt_decor_one_mirror
D:4:      layout_rooms, mainiacjoe_overflow_alcove_2, minmay_distorted
D:5:      layout_loops_cross, mainiacjoe_overflow_alcove_4,
          mainiacjoe_overflow_catwalk, chequers_ossuary_entry_cave
D:6:      nicolae_BIG_FREAKIN_CUBE, layout_loops_cross,
          nicolae_uskayaw_dance_studio, kennysheep_generic_room_2,
          uniq_blork_the_orc, uniq_prince_ribbit1
D:7:      layout_cave_pods, nicolae_ru_path_of_blood, grunt_temple_overflow_open
D:8:      layout_gridville, overflow_temple_1_default, okawaru_humans,
          tso_oasis_becter, minivault_4, uniq_amaemon
D:9:      wad_cavern_with_rooms, layout_loops_corners, amcnicky_altar_gilded,
          minmay_lair_entry_grove, minivault_21, hangedman_tell_no_tales
D:10:     layout_basic, lemuel_tele_altar, mainiacjoe_overflow_surrounded_room,
          hiddenorc2_lemuel, minivault_27, serial_bayou_crossing
D:11:     kennysheep_six_static_rooms, layout_cave_pools,
          minmay_gold_behind_fungi, hangedman_decor_opposing,
          small_statue_intersection
D:12:     layout_roguey [special_room_bee], gammafunk_ghost_smash,
          nicolae_elevator_lobby_plus
D:13:     layout_big_octagon, serial_shops, nicolae_shop_advertising_works
          [nicolae_subvault_shop_adworks], hangedman_decor_riveting,
          nicolae_shop_clearance
Temple:   corrupted_temple
Lair:1:   layout_cave_pods
Lair:2:   layout_regular_city, skrybe_swamp_entry_bodies,
          nicolae_snake_entry_squirm, grunt_megastairs_1, serial_bayou_shore_b
Orc:1:    layout_diamond_mine, trog_butcher_becter

Skill      XL: |  1  2  3  4  5  6  7  8  9 10 11 12 13 |
---------------+----------------------------------------+-----
Fighting       | 1 2 4 5 |  5.0
Spellcasting   | 4 5 6 7 9 10 12 | 12.3
Conjurations   | 3 4 5 7 8 10 | 10.2
Fire Magic     | 4 5 6 8 9 10 | 10.7
Shields        | 1 2 |  2.9
Evocations     | 2 3 |  3.2
Ranged Weapons | 7 10 | 10.0
Dodging        | 6 7 8 |  8.0
Poison Magic   | 1 4 6 |  6.2
Translocations | 2 5 |  5.6
Armour         | 3 4 |  4.9
Stealth        | |  2.4

Action                     |  1- 3 |  4- 6 |  7- 9 | 10-12 | 13-15 || total
---------------------------+-------+-------+-------+-------+-------++-------
  Melee: Short sword       |    22 |       |       |       |       ||    22
         Dagger            |       |       |     2 |       |       ||     2
   Fire: Longbow           |       |       |   116 |   454 |    49 ||   619
   Cast: Foxfire           |    42 |   116 |    80 |     5 |       ||   243
         Scorch            |    10 |    22 |    30 |    25 |     3 ||    90
         Flame Wave        |       |       |    18 |    41 |     3 ||    62
         Iskenderun's Myst |       |       |       |     7 |       ||     7
  Evoke: Wand              |       |       |     3 |     9 |     1 ||    13
         Condenser vane    |       |       |       |       |     1 ||     1
    Use: Scroll            |       |    16 |     8 |    13 |     4 ||    41
         Potion            |       |       |       |    10 |       ||    10
 Armour: Robe              |     8 |    19 |    53 |       |       ||    80
         Steam dragon scal |       |       |    13 |   204 |       ||   217
         Fire dragon scale |       |       |       |    72 |    49 ||   121
  Dodge: Dodged            |    15 |    19 |    44 |   233 |    18 ||   329
  Block: Buckler           |       |     5 |    19 |       |       ||    24

Table legend: (Time is in decaauts)
 A = Elapsed time spent in this place.
 B = Non-inter-level travel time spent in this place.
 C = Inter-level travel time spent in this place.
 D = Time resting spent in this place.
 E = Time spent auto-exploring this place.
 F = Levels seen in this place.
 G = Mean time per level.
                   A        B        C        D        E       F      G
               +--------+--------+--------+--------+--------+-----+--------+
         Total |  19908 |  19200 |    708 |   6613 |   9606 |  19 | 1047.8 |
       Dungeon |  16432 |  15744 |    688 |   5218 |   8182 |  13 | 1264.0 |
        Temple |     25 |     25 |      0 |      0 |      0 |   1 |   25.0 |
          Lair |   1648 |   1630 |     18 |    625 |    710 |   2 |  824.0 |
  Orcish Mines |    327 |    327 |      0 |    239 |     29 |   1 |  327.0 |
         Sewer |    869 |    869 |      0 |    144 |    565 |   1 |  869.0 |
       Ossuary |    605 |    605 |      0 |    387 |    119 |   1 |  605.0 |
               +--------+--------+--------+--------+--------+-----+--------+

Top non-repeatable levels by time:
    D:12: 2229 daAuts
     D:9: 1784 daAuts
     D:2: 1691 daAuts
  Lair:1: 1617 daAuts
     D:5: 1547 daAuts
    D:10: 1485 daAuts
     D:8: 1325 daAuts
     D:4: 1163 daAuts
     D:6: 1140 daAuts
     D:1: 1113 daAuts
    D:11: 874 daAuts
     D:7: 869 daAuts
   Sewer: 869 daAuts
     D:3: 839 daAuts
 Ossuary: 605 daAuts
